 Dungeon Crawl Stone Soup version 0.21-a0-133-gf55ed5b (webtiles) character file.

9 4thArraOfDagon the Caller (level 2, -5/11 HPs)
             Began as a Felid Summoner on July 17, 2017.
             Killed by nerve-wracking pain
             ... invoked by Jessica
              (7 damage)
             ... on level 2 of the Dungeon.
             The game lasted 00:01:19 (202 turns).

4thArraOfDagon the Caller (Felid Summoner)           Turns: 202, Time: 00:01:19

Health: -5/11      AC:  0    Str:  4    XL:     2   Next: 3%
Magic:  6/6        EV: 21    Int: 16    God:
Gold:   26         SH:  0    Dex: 21    Spells: 4/5 levels left
                                        Lives:  0   Deaths: 0

rFire    . . .     SeeInvis +     - Unarmed
rCold    . . .     Gourm    .   (shield unavailable)
rNeg     . . .     Faith    .   (armour unavailable)
rPois    .         Spirit   .   (helmet unavailable)
rElec    .         Reflect  .   (cloak unavailable)
rCorr    .         Harm     .   (gloves unavailable)
MR       .....                  (boots unavailable)
Stlth    +++.......             (no amulet)
HPRegen  0.03/turn              (ring currently unavailable)
MPRegen  0.10/turn              (ring currently unavailable)

@: bat-form, flying, very quick
A: no armour, no weapons or thrown items, stealth, see invisible, carnivore 3,
slow metabolism 1
a: no special abilities


You were on level 2 of the Dungeon.
You were full.
You were in bat-form.
You visited 1 branch of the dungeon, and saw 2 of its levels.

You collected 26 gold pieces.

Inventory:

Jewellery
 g - a cursed -2 ring of strength (melded)
Scrolls
 c - a scroll of teleportation {unknown}
 d - a scroll of amnesia {unknown}
 e - a scroll of enchant armour {unknown}
 f - a scroll of immolation {unknown}
Books
 a - a book of Callings

   Spells                             Type                      Level
   a - Summon Small Mammal            Summoning                    1
   b - Call Imp                       Summoning                    2
   c - Call Canine Familiar           Summoning                    3
   d - Summon Guardian Golem          Hexes/Summoning              3
   e - Summon Lightning Spire         Summoning/Air                4
   f - Summon Ice Beast               Ice/Summoning                4
Comestibles
 b - a meat ration


   Skills:
 + Level 3.0 Dodging
 + Level 3.0 Stealth
 * Level 1.1 Unarmed Combat
 - Level 2.0 Spellcasting
 - Level 4.0 Summonings


You had 4 spell levels left.
You knew the following spells:

 Your Spells              Type           Power        Failure   Level  Hunger
a - Summon Small Mammal   Summ           ##..         4%          1    #......


Dungeon Overview and Level Annotations

Branches:
Dungeon (2/15)

Altars:
Okawaru
Wu Jian
Xom

Annotations:
D:2 Jessica


Innate Abilities, Weirdness & Mutations

You cannot wear armour.
You are incapable of wielding weapons or throwing items.
Your paws allow you to move quietly. (Stealth)
((You have sharp claws.))
((You have razor-sharp teeth.))
You have supernaturally acute eyesight. (SInv)
You are carnivorous and can eat meat at any time.
((You cover ground quickly.))
((You are covered in fur. (AC +1)))
You have a slow metabolism.
((Your sharp claws are effective at attacking unaware monsters.))


Message History

You can't do that in your present form.
Sorry, you're not good enough to have a special ability.
You hit Jessica but do no damage. Jessica barely misses you.
You hit Jessica but do no damage.
Jessica casts a spell.
Jessica seems to speed up.
You hit Jessica but do no damage. Jessica misses you.
You hit Jessica but do no damage.
Jessica zaps a wand.
You resist with some effort. Jessica misses you.
You hit Jessica but do no damage.
Jessica gestures wildly.
Jessica points at you and mumbles some strange words.
Pain shoots through your body!
Ouch! That really hurt!
* * * LOW HITPOINT WARNING * * *
You hit Jessica but do no damage. Jessica gestures at you while chanting.
Pain shoots through your body!
Ouch! That really hurt!
You die...

. .## #. .. ... ## ..
.. #. . ###
#.##.#.####.#... b#
..........#.#.#.# .#
#....b@........ .#.
.#..#.##.#.#(### .#.
................. ...
#.#....##.###########.#
#...................##
#....#....########....
#.........+......#..#.
#....#....# #......#
##...##....#....#
####....


You could see Jessica.

Vanquished Creatures
  A ball python (D:1)
  A giant cockroach (D:2)
  3 goblins (D:1)
  A rat (D:1)
6 creatures vanquished.

Vanquished Creatures (collateral kills)
  2 kobolds (D:2)
2 creatures vanquished.

Grand Total: 8 creatures vanquished

Notes
Turn   | Place    | Note
-------+----------+-------------------------------------------
     0 | D:1      | 4thArraOfDagon the Felid Summoner began the quest for the Orb.
     0 | D:1      | Reached XP level 1. HP: 7/7 MP: 4/4
   103 | D:2      | Reached skill level 1 in Unarmed Combat
   111 | D:2      | Found an ornate altar of the Wu Jian Council.
   122 | D:2      | Reached XP level 2. HP: 11/11 MP: 4/6
   129 | D:2      | Found a shimmering altar of Xom.
   133 | D:2      | Found an iron altar of Okawaru.
   189 | D:2      | Noticed Jessica
   202 | D:2      | Killed from afar by Jessica

Vault maps used:
D:1:      roderic_crop_circles_arrival_small
D:2:      lemuel_round_altar, grunt_temple_overflow_open, uniq_jessica

Skill      XL: |  1  2 |
---------------+-------+-----
Dodging        | 3 |  3.0
Unarmed Combat | 1 |  1.1
Stealth        | 3 |  3.0
Spellcasting   | |  2.0
Summonings     | |  4.0

Action                   || total
-------------------------++-------
Melee: Unarmed           ||    19
       Bite              ||     1
 Cast: Summon Small Mamm ||     3
 Stab: Sleeping          ||     4
  Eat: Chunk             ||     3
Armor: Skin              ||     1
Dodge: Dodged            ||     7
